 Dungeon Crawl Stone Soup version 0.26-a0-606-g3c8f2f65f7 (webtiles) character file.

Game seed: 8678288893619784550

130 Hastur the Skirmisher (level 5, -1/55 HPs)
             Began as an Ogre Brigand on Sept 2, 2020.
             Slain by an iguana (12 damage)
             ... on level 3 of the Dungeon.
             The game lasted 00:07:24 (2541 turns).

Hastur the Skirmisher (Ogre Brigand)                Turns: 2541, Time: 00:07:25

Health: -1/55      AC:  4    Str: 16    XL:     5   Next: 14%
Magic:  5/5        EV: 10    Int: 12    God:
Gold:   68         SH:  0    Dex: 10    Spells: 4/4 levels left

rFire    . . .     SeeInvis .   a - +2 dagger
rCold    . . .     Faith    .   (no shield)
rNeg     . . .     Spirit   .   b - +0 robe
rPois    .         Reflect  .   (helmet restricted)
rElec    .         Harm     .   c - +0 cloak
rCorr    .                      (gloves unavailable)
MR       .....                  (boots unavailable)
Stlth    ++........             (no amulet)
HPRegen  0.18/turn              (no ring)
MPRegen  0.09/turn              (no ring)

@: no status effects
A: large, unfitting armour, tough skin 1
a: no special abilities


You were on level 3 of the Dungeon.
You visited 1 branch of the dungeon, and saw 3 of its levels.

You collected 68 gold pieces.

Inventory:

Hand Weapons
 a - a +2 dagger (weapon)
 e - a +4 quarterstaff of chaos
   (You took it off Crazy Yiuf on level 2 of the Dungeon)
Missiles
 d - 5 poisoned darts
 q - 3 stones (quivered)
 r - 2 curare-tipped darts {!f}
Armour
 b - a +0 robe (worn)
 c - a +0 cloak (worn)
Jewellery
 o - an uncursed ring of flight {unknown}
   (You found it on level 2 of the Dungeon)
Scrolls
 f - a scroll of identify {unknown}
 i - 2 scrolls of amnesia
 l - 2 scrolls of blinking
 n - a scroll of teleportation {@r4}
 p - a scroll of enchant armour {unknown}
Potions
 g - a potion of degeneration {unknown}
 h - 2 potions of brilliance {unknown}
 j - a potion of magic {unknown}
 k - 2 potions of curing {unknown}
 m - a potion of lignification {unknown}


   Skills:
 + Level 4.7 Fighting
 - Level 1.7 Short Blades
 + Level 3.0 Throwing
 + Level 2.6 Dodging
 - Level 2.9 Stealth


You had 4 spell levels left.
You didn't know any spells.
Your spell library was empty.

Dungeon Overview and Level Annotations

Branches:
Dungeon (3/15)

Altars:


Innate Abilities, Weirdness & Mutations

You are too large for most types of armour.
You have tough skin. (AC +1)


Message History

You hit the worm.
You kill the worm!
Found a pair of gloves.
You see here a worm corpse.
An iguana, a ball python and an adder come into view.
The iguana hisses angrily.
Found a hand axe.
The ball python hisses angrily.
You see here a pair of gloves.
You see here a worm corpse.
You hear the slow rusting of a distant drain.
The iguana barely misses you.
You see here a worm corpse.
You hit the iguana. The iguana bites you.
You closely miss the iguana. You barely miss the iguana. The iguana bites you.
You hit the iguana. The iguana barely misses you.
You hit the iguana but do no damage. The iguana closely misses you.
You hit the iguana. The iguana bites you.
You closely miss the iguana. The iguana closely misses you.
You hit the iguana but do no damage. The iguana misses you.
You hit the iguana. The iguana bites you.
You barely miss the iguana.
The iguana bites you but does no damage.
You barely miss the iguana.
The iguana hisses menacingly.
The iguana bites you.
You closely miss the iguana. You hit the iguana but do no damage.
The iguana closely misses you.
You hit the iguana but do no damage.
The iguana bites you but does no damage.
You hit the iguana but do no damage. The iguana barely misses you.
You barely miss the iguana. The iguana closely misses you.
You hit the iguana but do no damage. The iguana misses you.
You completely miss the iguana.
The iguana bites you but does no damage.
You hit the iguana but do no damage. The iguana closely misses you.
You hit the iguana. The iguana bites you!
* * * LOW HITPOINT WARNING * * *
You hit the iguana. The iguana completely misses you.
You hit the iguana. You hit the iguana but do no damage. The iguana bites you.
* * * LOW HITPOINT WARNING * * *
You hit the iguana but do no damage. The iguana closely misses you.
You hit the iguana but do no damage. The iguana bites you.
* * * LOW HITPOINT WARNING * * *
You hit the iguana. The iguana bites you.
* * * LOW HITPOINT WARNING * * *
You hit the iguana but do no damage. The iguana bites you!
You die...

#.....# #. #.[...#
#. #.....# #.
#.....# #. #.....#
## ###S### # #S# #
#l## # #@.###### #
#.......# #
#..####.# #
#..####.# ########
#....##.# #.......
#.##.##.###.######
#.##........#
#)......#####
#########


You could see an iguana, an adder and a ball python.

Vanquished Creatures
  Crazy Yiuf (D:2)
  5 adders (D:2)
  An ooze (D:2)
  A worm (D:3)
  2 dart slugs (D:2)
  2 leopard geckos
  6 bats
  2 giant cockroaches
  6 hobgoblins
  4 jackals (D:2)
  2 kobolds
  3 frilled lizards (D:2)
  5 goblins (D:1)
  6 rats
46 creatures vanquished.

Notes
Turn   | Place    | Note
-------+----------+-------------------------------------------
     0 | D:1      | Hastur the Ogre Brigand began the quest for the Orb.
     0 | D:1      | Reached XP level 1. HP: 22/22 MP: 1/1
    93 | D:1      | Reached skill level 1 in Dodging
   141 | D:1      | Reached skill level 3 in Fighting
   270 | D:1      | Reached XP level 2. HP: 18/31 MP: 2/2
  1249 | D:2      | Reached XP level 3. HP: 36/39 MP: 3/3
  1467 | D:2      | Reached skill level 4 in Fighting
  1492 | D:2      | Reached XP level 4. HP: 45/48 MP: 4/4
  1712 | D:2      | Found a runed translucent door.
  1713 | D:2      | Noticed Crazy Yiuf
  2235 | D:2      | Killed Crazy Yiuf
  2235 | D:2      | Reached XP level 5. HP: 55/55 MP: 5/5
  2541 | D:3      | Slain by an iguana

Illustrated notes

Levels and vault maps discovered:
D:1:      dpeg_arrival_refuge, layout_basic
D:2:      layout_rooms, chequers_serial_rivers_room_a, kennysheep_small_spiral,
          uniq_crazy_yiuf_cottage
D:3:      minmay_diamond_boxcup, layout_loops_cross, lightli_sewer_entry_pipes

Skill      XL: |  1  2  3  4 |
---------------+-------------+-----
Dodging        | 1 2 |  2.6
Fighting       | 3 4 |  4.7
Throwing       | 3 |  3.0
Short Blades   | |  1.7
Stealth        | |  2.9

Action                   |  1- 3 |  4- 6 || total
-------------------------+-------+-------++-------
Melee: Dagger            |    94 |   103 ||   197
Throw: Stone             |     5 |     7 ||    12
       Dart              |     4 |    10 ||    14
  Use: Scroll            |       |     3 ||     3
 Stab: Sleeping          |     1 |     1 ||     2
       Distracted        |     1 |       ||     1
Armor: Robe              |    32 |    27 ||    59
Dodge: Dodged            |    49 |    47 ||    96

Table legend: (Time is in decaauts)
 A = Elapsed time spent in this place.
 B = Non-inter-level travel time spent in this place.
 C = Inter-level travel time spent in this place.
 D = Time resting spent in this place.
 E = Time spent auto-exploring this place.
 F = Levels seen in this place.
 G = Mean time per level.
                   A        B        C        D        E       F      G
               +--------+--------+--------+--------+--------+-----+--------+
         Total |   2521 |   2350 |    171 |    652 |    946 |   3 |  840.3 |
       Dungeon |   2521 |   2350 |    171 |    652 |    946 |   3 |  840.3 |
               +--------+--------+--------+--------+--------+-----+--------+

Top non-repeatable levels by time:
     D:2: 1423 daAuts
     D:1: 938 daAuts
     D:3: 159 daAuts
